 Dungeon Crawl Stone Soup version 0.28-a0-10-g964c8b829e (webtiles) character file.

Game seed: 15836241661272158322

109 wakim the Shield-Bearer (level 5, 0/41 HPs)
             Began as a Formicid Fighter on July 25, 2021.
             Slain by Grinder (3 damage)
             ... on level 3 of the Dungeon.
             The game lasted 00:07:30 (2284 turns).

wakim the Shield-Bearer (Formicid Fighter)          Turns: 2284, Time: 00:07:30

Health: 0/41       AC:  6    Str: 22    XL:     5   Next: 13%
Magic:  5/5        EV:  8    Int:  7    God:
Gold:   73         SH: 10    Dex: 10    Spells: 4/4 levels left

rFire   + . .      SeeInvis +   a - +0 trident
rCold   . . .      Faith    .   c - +0 kite shield
rNeg    . . .      Spirit   .   i - +0 scale mail
rPois   .          Reflect  .   (helmet unavailable)
rElec   .          Harm     .   (no cloak)
rCorr   .          Rampage  .   (no gloves)
Will    .....                   (no boots)
Stlth   ..........              (no amulet)
HPRegen 0.13/turn               d - ring of protection from fire
MPRegen 0.09/turn               (no ring)

@: invisible
A: permanent stasis, dig shafts and tunnels, antennae 3, four strong arms
a: Dig, Shaft Self


You were on level 3 of the Dungeon.
You visited 1 branch of the dungeon, and saw 3 of its levels.

You collected 73 gold pieces.

Inventory:

Hand Weapons
 a - a +0 trident (weapon)
 b - a +2 dagger of venom
Missiles
 f - 19 arrows
Armour
 c - a +0 kite shield (worn)
 i - a +0 scale mail (worn)
Jewellery
 d - a ring of protection from fire (left hand)
Wands
 y - a wand of paralysis (7)
Scrolls
 j - a scroll of torment {unknown}
 X - a scroll of fog
Potions
 e - a potion of heal wounds {unknown}
 g - a potion of lignification {unknown}
 h - a potion of curing {unknown}
 k - a potion of flight {unknown}
 N - a potion of might


   Skills:
 - Level 3.4 Fighting
 * Level 3.5 Polearms
 - Level 3.5 Armour
 * Level 5.1 Shields


You had 4 spell levels left.
You didn't know any spells.
Your spell library was empty.

Dungeon Overview and Level Annotations

Branches:
Dungeon (3/15)

Altars:
Trog

Shops:
D:2 (

Annotations:
D:3 Grinder, Sigmund


Innate Abilities, Weirdness & Mutations

You cannot be hasted, slowed, berserked, paralysed or teleported.
You can dig through walls and to a lower floor.
You have a pair of large antennae on your head. (SInv)
Your four strong arms can wield two-handed weapons with a shield.


Message History

You open the door.
There is an open door here.
There is a stone staircase leading down here.
There is an open door here.
You sense a monster nearby.
You sense a monster nearby.
You open the door.
There is an open door here.
j - a scroll labelled CIMYICKA GEZAESUI Grinder comes into view.
Grinder shouts!
You see here a bubbling emerald potion.
k - a bubbling emerald potion You reach to attack!
You hit Grinder.
Grinder is lightly wounded.
You hit Grinder.
Grinder is lightly wounded.
Grinder closely misses you. Grinder hits you.
You puncture Grinder!
Grinder is heavily wounded.
Grinder hits you!
You hit Grinder.
Grinder is heavily wounded.
Grinder gestures at you. Pain shoots through your body!
You hit Grinder.
Grinder is severely wounded.
Grinder hits you!
* * * LOW HITPOINT WARNING * * *
You hit Grinder but do no damage.
Grinder is severely wounded.
Grinder hits you but does no damage. Grinder gestures at you.
Pain shoots through your body!
* * * LOW HITPOINT WARNING * * *
You fade into invisibility!
Grinder hits you!
* * * LOW HITPOINT WARNING * * *
You writhe in agony.
You die...

##########
##........###
#..######...##
##.##.5@.###..##
#..#.......##..#
#.##.###....#..#{
#.#. ###..'##+..#
########.#
##..§§..#
###........#
#..§§..#
#.'......###
#..§≈..#
#.#......###
..####..#
...........# ...#
....


You could see Grinder.

Vanquished Creatures
  5 adders
  4 endoplasms
  3 giant cockroaches
  7 goblins (D:2)
  7 hobgoblins
  3 jackals (D:1)
  A quokka (D:1)
  4 ball pythons
  6 bats
  4 frilled lizards
  11 kobolds
  5 rats
60 creatures vanquished.

Notes
Turn   | Place    | Note
-------+----------+-------------------------------------------
     0 | D:1      | wakim the Formicid Fighter began the quest for the Orb.
     0 | D:1      | Reached XP level 1. HP: 18/18 MP: 1/1
    69 | D:1      | Reached XP level 2. HP: 21/24 MP: 2/2
   219 | D:1      | Reached skill level 4 in Shields
   404 | D:1      | Reached XP level 3. HP: 26/29 MP: 3/3
   604 | D:2      | Found a bloodstained altar of Trog.
   891 | D:2      | Found a faded altar of an unknown god.
  1210 | D:2      | Reached XP level 4. HP: 35/35 MP: 4/4
  1456 | D:2      | Found Doenasext's Weapon Emporium.
  1891 | D:3      | Noticed Sigmund
  2057 | D:3      | Reached skill level 5 in Shields
  2099 | D:3      | Reached XP level 5. HP: 41/41 MP: 5/5
  2276 | D:3      | Noticed Grinder
  2284 | D:3      | Slain by Grinder

Illustrated notes

Levels and vault maps discovered:
D:1:      matt_arrival_debris, layout_rooms, minivault_27
D:2:      layout_loops_corners, basic_ecumenical_altar, basic_altar,
          serial_shops, shop, minmay_cupped
D:3:      layout_basic, mainiacjoe_overflow_two_lobes, uniq_grinder,
          uniq_sigmund

Skill      XL: |  1  2  3  4 |
---------------+-------------+-----
Shields        | 4 5 |  5.1
Polearms       | 3 |  3.5
Fighting       | |  3.4
Armour         | |  3.5

Action                   |  1- 3 |  4- 6 || total
-------------------------+-------+-------++-------
Melee: Trident           |   100 |    68 ||   168
       Dagger            |       |    21 ||    21
 Abil: Dig               |       |     1 ||     1
  Use: Scroll            |     2 |     1 ||     3
       Potion            |       |     1 ||     1
Armor: Scale mail        |    39 |    28 ||    67
Dodge: Dodged            |    30 |    29 ||    59
Block: Kite shield       |    46 |    33 ||    79

Table legend: (Time is in decaauts)
 A = Elapsed time spent in this place.
 B = Non-inter-level travel time spent in this place.
 C = Inter-level travel time spent in this place.
 D = Time resting spent in this place.
 E = Time spent auto-exploring this place.
 F = Levels seen in this place.
 G = Mean time per level.
                   A        B        C        D        E       F      G
               +--------+--------+--------+--------+--------+-----+--------+
         Total |   2341 |   2252 |     89 |      0 |   1680 |   3 |  780.3 |
       Dungeon |   2341 |   2252 |     89 |      0 |   1680 |   3 |  780.3 |
               +--------+--------+--------+--------+--------+-----+--------+

Top non-repeatable levels by time:
     D:2: 1379 daAuts
     D:1: 626 daAuts
     D:3: 335 daAuts
